AoeStats
← mihneabuia

Arena

510179266Analyzed
1v1 RM · 3d ago on Sep 29, 2026· 85m 24s· 2 players
Game mode
Random Map
Map size
Tiny (2 player)
Population
200
Speed
Normal
Resources
Standard
Victory
Conquest
Starting age
Dark Age
Ending age
Imperial Age
RankedLock teamsTeams togetherTeam positionsShared explorationLock speedFull tech treeHidden civsTurbo modeCheats
Victory
Defeat
🇪🇸 Spanish · Spain
244
+16
🇷🇴 Cumans · Romania
253
-16
NinhoCrema
11:03 Feudal Age
11:50 Double-Bit Axe
11:47 Horse Collar
12:45 Wheelbarrow
21:25 Castle Age
20:46 Stone Mining
22:16 Forging
22:12 Scale Barding Armor
21:58 Fletching
22:09 Padded Archer Armor
22:09 Scale Mail Armor
21:34 Man-at-Arms
22:58 Bow Saw
23:32 Bloodlines
23:26 Husbandry
25:45 Hand Cart
27:13 Bodkin Arrow
27:40 Chain Barding Armor
27:36 Chain Mail Armor
31:13 Long Swordsman
31:56 Squires
32:43 Iron Casting
32:25 Leather Archer Armor
33:28 Sanctity
33:25 Fervor
33:40 Sanctity
36:10 Inquisition
39:09 Imperial Age
39:12 Ballistics
41:33 Block Printing
41:44 Illumination
41:56 Theocracy
41:33 Redemption
41:07 Cavalier
49:46 Paladin
50:42 Light Cavalry
53:03 Bracer
54:05 Blast Furnace
53:41 Plate Barding Armor
53:37 Plate Mail Armor
53:38 Ring Archer Armor
57:06 Onager
58:53 Chemistry
63:39 Devotion
65:56 Elite Conquistador
66:40 Gambesons
66:16 Two-Handed Swordsman
67:36 Masonry
67:41 Fortified Wall
67:28 Murder Holes
67:29 Champion
67:42 Capped Ram
mihneabuia
13:07 Feudal Age
13:52 Double-Bit Axe
13:52 Horse Collar
14:07 Gold Mining
14:11 Stone Mining
20:22 Wheelbarrow
21:13 Loom
24:25 Castle Age
23:50 Man-at-Arms
26:34 Crossbowman
26:37 Long Swordsman
31:47 Bow Saw
41:29 Imperial Age
41:18 Pikeman
48:46 Two-Handed Swordsman
50:44 Champion
51:42 Elite Kipchak
54:59 Padded Archer Armor
55:00 Scale Mail Armor
61:53 Steppe Husbandry
64:12 Cavalier
64:30 Elite Steppe Lancer
81:01 Onager
Connection lost

Rejoining the realm…

Still unreachable

The connection could not be restored.

Session expired

The server has moved on; the page needs a fresh start.